 Dungeon Crawl Stone Soup version 0.31-a0-986-g5e6e4ef867 (webtiles) character file.

Game seed: 1457607867874227955

492 Danienth the Changeling (level 7, -1/55 HPs)
             Began as a Meteoran Shapeshifter on Nov 9, 2023.
             Slain by a hound zombie (2 damage)
             ... on level 5 of the Dungeon.
             The game lasted 00:11:52 (2392 turns).

Danienth the Changeling (Meteoran Shapeshifter)     Turns: 2392, Time: 00:11:52

Health: -1/55      AC:  2    Str: 15    XL:     7   Next: 65%
Magic:  8/8        EV: 12    Int: 15    God:
Gold:   174        SH:  0    Dex: 14    Spells: 6/6 levels left

rFire   + +          +
                       - Unarmed
rCold   + . .        (no shield)
rNeg    + . .        e - +0 robe of the Cricket {rF++ Int+3 Stlth+}
rPois   +            (helmet currently unavailable)
rElec   +            (cloak currently unavailable)
rCorr   +            (gloves currently unavailable)
SInv    .            (boots currently unavailable)
Will    .....        (no amulet)
Stlth   +            i - ring of positive energy
HPRegen 0.29/turn    (no ring)
MPRegen 0.11/turn

%: no passive effects
@: brilliant, beast-form, resistant, glowing
A: beast (slay +4), sense surroundings 1, otherworldly, glowing, explore regen,
clumsy 1
a: Begin Untransformation


You were on level 5 of the Dungeon.
You were a hulking beast.
You visited 1 branch of the dungeon, and saw 5 of its levels.

You collected 174 gold pieces.

Inventory:

Hand Weapons
 v - a +2 dagger of venom
Missiles
 g - 5 boomerangs (quivered)
 u - 6 poisoned darts
Armour
 a - a +0 animal skin
 e - the +0 robe of the Cricket (worn) {rF++ Int+3 Stlth+}
   (You found it on level 1 of the Dungeon)

   Int+3:     It affects your intelligence (+3).
   rF++:      It greatly protects you from fire.
   Stlth+:    It makes you more stealthy.
 s - a +0 hat of willpower
Jewellery
 i - a ring of positive energy (left hand)
 n - a ring of ice
Talismans
 c - a beast talisman (active)
 d - a flux talisman
Scrolls
 f - a scroll of torment
Potions
 m - a potion of attraction {unknown}
 o - a potion of heal wounds {unknown}
 p - a potion of invisibility {unknown}


   Skills:
 + Level 2.1 Fighting
 + Level 2.1 Throwing
 + Level 2.8 Dodging
 + Level 4.1 Unarmed Combat
 - Level 7.8 Shapeshifting


You had 6 spell levels left.
You didn't know any spells.
Your spell library contained the following spells:

 Spells                   Type           Power      Damage    Failure   Level
 Simulacrum               Ice/Necr       0%         N/A       100%        6
 Ozocubu's Refrigeration  Ice            0%         4d7       100%        7
 Polar Vortex             Ice            0%         N/A       100%        9


Dungeon Overview and Level Annotations

Branches:
Dungeon (5/15) Zot: 617
 Temple: D:4-7

Altars:
Dithmenos
Makhleb
Okawaru
Yredelemnul


Innate Abilities, Weirdness & Mutations

You are a hulking beast.
Your limbs bulge with bestial killing power. (Slay +4)
You passively map a small area around you.
You are easily found by Zot.
You glow in the dark.
You regain HP and MP as you explore.
You are clumsy. (Dex -2)


Message History

The phantom is almost destroyed.
The phantom hits you. x2; The scorpion zombie hits you.
The bullfrog skeleton hits you but does no damage.
You miss the phantom.
The phantom is almost destroyed.
The phantom closely misses you. x2; The scorpion zombie closely misses you.
The bullfrog skeleton closely misses you.
You barely miss the phantom.
The phantom is almost destroyed.
The bullfrog skeleton closely misses you.
The phantom hits you.
* * * LOW HITPOINT WARNING * * *
The scorpion zombie hits you.
* * * LOW HITPOINT WARNING * * *
The phantom hits you.
* * * LOW HITPOINT WARNING * * *
The phantom blinks!
You blink.
As you read the scroll labelled BOGAOPT IGUNT, it crumbles to dust.
You assume a fearsome visage.
The phantom is unaffected. x2
The bullfrog skeleton is unaffected.
The scorpion zombie is unaffected.
The hound zombie is unaffected.
The iguana looks frightened!
It was a scroll of fear.
The phantom barely misses you.
You hit the phantom.
You destroy the phantom!
The hound zombie misses you.
Your Fighting skill increases to level 2!
Your Throwing skill increases to level 2!
Your Unarmed Combat skill increases to level 4!
You hit the hound zombie.
The hound zombie is lightly damaged.
The hound zombie bites you.
* * * LOW HITPOINT WARNING * * *
You hit the hound zombie. Your punch misses the hound zombie.
The hound zombie is lightly damaged.
The hound zombie bites you.
* * * LOW HITPOINT WARNING * * *
You punch the hound zombie!
The hound zombie is moderately damaged.
The hound zombie bites you.
You die...

* ...... .# .........##.##
,* ##............####
..... *#..........#.....#
......##...............<#
...#..#...........# * *
...#.............# ...
.....#...........#####
.... #..........h......l.#
.... #..$......ZZZ...##..#
...##..........W....#..*#
.......W.............#.##
..##.#..Z####...........##
#........................#
##.#.....######......###.
* ....<....# #.###.##
#..#...$.# #.# #.# *,


You could see a phantom, an iguana (fleeing), a hound zombie, a scorpion zombie
and a bullfrog skeleton.

Vanquished Creatures
  2 phantoms (D:5)
  A scorpion (D:3)
  A water moccasin skeleton (D:5)
  An orc priest (D:4)
  A bullfrog skeleton (D:5)
  2 orc wizards (D:3)
  A hound skeleton (D:5)
  3 adders
  2 ufetubi (D:5)
  A worm (D:2)
  3 dart slugs
  8 orcs
  3 ball pythons
  6 bats
  3 endoplasms
  2 giant cockroaches (D:2)
  6 goblins
  4 hobgoblins
  8 jackals
  5 kobolds
  2 quokkas
  A frilled lizard (D:2)
  3 rats
69 creatures vanquished.

Notes
Turn   | Place    | Note
-------+----------+-------------------------------------------
     0 | D:1      | Danienth the Meteoran Shapeshifter began the quest for the
                  | Orb.
     0 | D:1      | Reached XP level 1. HP: 16/16 MP: 2/2
    32 | D:1      | Identified the +0 robe of the Cricket {rF++ Int+3 Stlth+}
   305 | D:1      | Reached XP level 2. HP: 14/23 MP: 3/3
   348 | D:1      | Reached skill level 4 in Shapeshifting
   501 | D:1      | Glimpsed the power of Zot.
   579 | D:2      | Reached XP level 3. HP: 28/28 MP: 4/4
   694 | D:2      | Reached skill level 5 in Shapeshifting
   783 | D:2      | Reached XP level 4. HP: 28/35 MP: 5/5
   970 | D:2      | Reached skill level 1 in Throwing
  1104 | D:2      | Glimpsed the power of Zot.
  1196 | D:3      | Found a shadowy altar of Dithmenos.
  1220 | D:3      | Found an iron altar of Okawaru.
  1320 | D:3      | Noticed a scorpion
  1332 | D:3      | Killed a scorpion
  1333 | D:3      | Reached skill level 6 in Shapeshifting
  1333 | D:3      | Reached XP level 5. HP: 17/40 MP: 6/6
  1456 | D:3      | Found a burning altar of Makhleb.
  1527 | D:3      | Reached XP level 6. HP: 39/47 MP: 7/7
  1706 | D:3      | Glimpsed the power of Zot.
  1898 | D:4      | Reached skill level 7 in Shapeshifting
  1979 | D:4      | Found a basalt altar of Yredelemnul.
  2306 | D:4      | Glimpsed the power of Zot.
  2332 | D:5      | Entered Level 5 of the Dungeon
  2348 | D:5      | Reached XP level 7. HP: 43/52 MP: 8/8
  2348 | D:5      | Gained mutation: You are clumsy. (Dex -2) [potion of
                  | mutation]
  2391 | D:5      | HP: 1/55 [hound zombie (3)]
  2392 | D:5      | Slain by a hound zombie

Illustrated notes

Levels and vault maps discovered:
D:1:      dpeg_arrival_rooms_c, layout_basic, hellmonk_ecumenical_altar_lost_god
D:2:      layout_basic, minmay_3d_cube
D:3:      layout_loops_ring, grunt_dithmenos_smoke, okawaru_trees_1,
          bloody_makhleb
D:4:      layout_gridville, mainiacjoe_overflow_alcove_1
D:5:      layout_rooms, kennysheep_mini, lemuel_round_altar, serial_undead,
          serial_undead_c, serial_undead_a, serial_undead_c, serial_undead_c,
          serial_undead_b, serial_undead_d, nicolae_wooded_promenade

Skill      XL: |  1  2  3  4  5  6  7 |
---------------+----------------------+-----
Shapeshifting  | 4 5 6 7 |  7.8
Throwing       | 1 2 |  2.1
Fighting       | 2 |  2.1
Unarmed Combat | 4 |  4.1
Dodging        | |  2.8

Action                     |  1- 3 |  4- 6 |  7- 9 || total
---------------------------+-------+-------+-------++-------
  Melee: Unarmed           |    42 |   138 |    38 ||   218
         Punch             |       |     8 |     1 ||     9
  Throw: Boomerang         |     5 |    17 |       ||    22
Ability: Begin Untransform |     1 |       |       ||     1
    Use: Scroll            |       |     6 |     2 ||     8
         Potion            |       |     3 |     4 ||     7
 Armour: Robe              |    16 |    86 |    31 ||   133
         Skin              |       |    53 |    47 ||   100
  Dodge: Dodged            |    27 |    94 |    21 ||   142
   Form: Beast             |     1 |       |       ||     1

Table legend: (Time is in decaauts)
 A = Elapsed time spent in this place.
 B = Non-inter-level travel time spent in this place.
 C = Inter-level travel time spent in this place.
 D = Time resting spent in this place.
 E = Time spent auto-exploring this place.
 F = Levels seen in this place.
 G = Mean time per level.
                   A        B        C        D        E       F      G
               +--------+--------+--------+--------+--------+-----+--------+
         Total |   2381 |   2243 |    138 |    231 |   1526 |   5 |  476.2 |
       Dungeon |   2381 |   2243 |    138 |    231 |   1526 |   5 |  476.2 |
               +--------+--------+--------+--------+--------+-----+--------+

Top non-repeatable levels by time:
     D:4: 610 daAuts
     D:3: 597 daAuts
     D:2: 570 daAuts
     D:1: 547 daAuts
     D:5: 55 daAuts
